 Dungeon Crawl Stone Soup version 0.31-a0-344-gd109795599 (webtiles) character file.

Game seed: 5962526672631658783

43108 night the Brawler (level 14, -3/114 HPs)
             Began as a Merfolk Shapeshifter on July 19, 2023.
             Was an Initiate of Jiyva.
             Slain by an orc warlord
             ... wielding a +2 bardiche
              (18 damage)
             ... on level 1 of the Orcish Mines on July 21, 2023.
             The game lasted 00:49:58 (19859 turns).

night the Brawler (Merfolk Shapeshifter)           Turns: 19859, Time: 00:49:59

Health: -3/114     AC: 11    Str: 19    XL:     14   Next: 22%
Magic:  0/14       EV: 12    Int:  7    God:    Jiyva [......]
Gold:   946        SH:  0    Dex: 16    Spells: 13/13 levels left

rFire   . .          .
                       - Unarmed
rCold   . . .        (no shield)
rNeg    . . .        t - +0 plate armour
rPois   .            D - melded +2 helmet
rElec   .            U - melded +2 cloak {Will+}
rCorr   .            (gloves currently unavailable)
SInv    .            (boots currently unavailable)
Will    +....        e - amulet of guardian spirit Stlth
                     S - +4 ring of slaying
HPRegen 0.39/turn    H - +5 ring of evasion
MPRegen 0.14/turn

%: guardian spirit
@: beast-form
A: beast (slay +5), (nimble swimmer 2), mertail
a: Begin Untransformation, Renounce Religion


You were on level 1 of the Orcish Mines.
You worshipped Jiyva.
Jiyva was noncommittal.
You were a hulking beast.
You visited 3 branches of the dungeon, and saw 17 of its levels.
You also visited: Gauntlet.

You collected 1132 gold pieces.
You spent 186 gold pieces at shops.

Inventory:

Hand Weapons
 b - the +5 sling of Foul Odours {freeze, rC+ Int+5 Dex-2}
   (You found it on level 5 of the Dungeon)

   Int:       It affects your intelligence (+5).
   Dex:       It affects your dexterity (-2).
   rC:        It protects you from cold.
 I - the +9 dagger "Ket Taif" {holy, rC+}
   (You found it on level 8 of the Dungeon)

   rC:        It protects you from cold.
Missiles
 n - 4 silver javelins
 o - 33 poisoned darts
 p - 40 stones
 q - 3 boomerangs
 J - 6 curare-tipped darts
 N - 2 atropa-tipped darts
Armour
 t - a +0 plate armour (worn)
 D - a +2 helmet (melded)
 U - a +2 cloak of willpower (melded)
 V - the +1 cloak of Starlight {*Dazzle EV+4 Stlth--}
   (You found it in a Gauntlet)

   *Dazzle:   It may blind those who miss an attack against the wearer in melee
   combat.
   EV:        It affects your evasion (+4).
   Stlth:     It makes you much less stealthy.
Jewellery
 e - an amulet of guardian spirit (around neck)
 f - the ring "Reyr" {+Blink rPois rF+ SInv}
   (You found it on level 4 of the Lair of Beasts)

   [ring of protection from fire]

   rF:        It protects you from fire.
   rPois:     It protects you from poison.
   SInv:      It lets you see invisible.
   +Blink:    It lets you blink.
 h - a ring of positive energy
 r - a ring of flight
 H - a +5 ring of evasion (right hand)
 K - a ring of ice
 S - a +4 ring of slaying (left hand)
Talismans
 c - a beast talisman
Wands
 a - a wand of flame (55)
 m - a wand of mindburst (9)
 y - a wand of light (5)
 F - a wand of polymorph (3)
 M - a wand of digging (2)
 W - a wand of iceblast (12)
 X - a wand of charming (6)
Scrolls
 d - a scroll of poison
 i - 4 scrolls of enchant armour
 j - 4 scrolls of immolation
 k - 2 scrolls of silence
 x - a scroll of torment
 G - a scroll of blinking
 L - 7 scrolls of teleportation
 R - a scroll of revelation
Potions
 g - 3 potions of invisibility
 l - a potion of might
 w - 4 potions of lignification
 z - 11 potions of curing
 A - 3 potions of brilliance
 B - 2 potions of heal wounds
 C - a potion of haste
 P - a potion of cancellation
 T - a potion of resistance
 Y - 2 potions of berserk rage
Miscellaneous
 s - a piece from Xom's chessboard (15/15)


   Skills:
 + Level 11.7(7.7) Fighting
 + Level 6.1(3.0) Ranged Weapons
 - Level 5.4(2.7) Armour
 - Level 9.7(5.7) Dodging
 - Level 3.8(1.9) Shields
 * Level 16.0(12.0) Unarmed Combat
 + Level 12.0(8.0) Shapeshifting


You had 13 spell levels left.
You didn't know any spells.
Your spell library contained the following spells:

 Spells                   Type           Power      Damage    Failure   Level
 Foxfire                  Conj/Fire      0%         2x1d4     100%        1
 Freeze                   Ice            0%         1d3       100%        1
 Blink                    Tloc           0%         N/A       100%        2
 Ensorcelled Hibernation  Hex/Ice        0%         N/A       100%        2
 Lesser Beckoning         Tloc           0%         N/A       100%        2
 Momentum Strike          Conj/Tloc      0%         3d8       100%        2
 Passwall                 Tmut/Erth      0%         N/A       100%        2
 Frozen Ramparts          Ice            0%         1d1       100%        3
 Hailstorm                Conj/Ice       0%         3d3       100%        3
 Inner Flame              Hex/Fire       0%         N/A       100%        3
 Portal Projectile        Hex/Tloc       0%         N/A       100%        3
 Swiftness                Air            0%         N/A       100%        3
 Tukima's Dance           Hex            0%         N/A       100%        3
 Anguish                  Hex/Necr       0%         N/A       100%        4
 Iskenderun's Mystic Bla  Conj/Tloc      0%         2d3       100%        4
 Manifold Assault         Tloc           0%         N/A       100%        4
 Yara's Violent Unravell  Hex/Tmut       0%         3d3       100%        5
 Dispersal                Tloc           0%         N/A       100%        6
 Plasma Beam              Fire/Air       0%         2x1d10    100%        6
 Starburst                Conj/Fire      0%         6d3       100%        6
 Enfeeble                 Hex            0%         N/A       100%        7
 Disjunction              Tloc           0%         N/A       100%        8


Dungeon Overview and Level Annotations

Branches:
Dungeon (12/15)            Temple (0/1) D:5            Lair (4/5) D:11
 Shoals (0/4) Lair:3       Spider (0/4) Lair:2        Slime (0/5) Lair:4
    Orc (1/2) D:11        Gauntlet (visited)

Altars:
Ashenzari
Dithmenos
Gozag
Kikubaaqudgha
Qazlal
Sif Muna
Uskayaw
Wu Jian
Jiyva

Shops:
D:5 ![   Orc:1 *

Annotations:
D:5 1 runed translucent door, Vorhees's ghost, novice TeAE
D:8 Pikel
D:9 1 runed translucent door, t4s4d4r's ghost, novice TrFi


Innate Abilities, Weirdness & Mutations

You are a hulking beast.
Your limbs bulge with bestial killing power. (Slay +5)
((You are very nimble when in or above water. (Stealth+, EV+, Speed+++)))
Your lower body shifts to a powerful aquatic tail in water.


Message History

The mass of ice explodes!
The iceblast engulfs the orc!
You kill the orc!
The iceblast engulfs the orc warlord!
The orc warlord partially resists.
The orc warlord is lightly wounded.
Aiming: Bolt of Light
Press: ? - help, Shift-Dir - straight line The bolt of light hits the orc warlord but does no damage.
The orc warlord is lightly wounded.
The orc warlord is blinded.
The bolt of light hits the cyclops.
The cyclops is lightly wounded.
The cyclops is blinded.
The orc warlord hits you but does no damage.
The orc warlord hits you with a +2 bardiche!!
You see here a +4 flail.
You punch the orc warlord!
The orc warlord is lightly wounded.
The orc warlord hits you with a +2 bardiche!!
* * * LOW HITPOINT WARNING * * *
The cyclops throws a large rock.
The large rock hits the orc warlord!
You hit the orc warlord but do no damage.
The orc warlord is moderately wounded.
The orc warlord misses you.
You hear a distant slurping noise.
You hit the orc warlord. Your punch misses the orc warlord.
The orc warlord is moderately wounded.
The cyclops throws a large rock.
The large rock hits the orc warlord!!!
The orc warlord barely misses you.
You catch the helpless orc warlord completely off-guard!
You hit the orc warlord.
The orc warlord is heavily wounded.
You barely miss the orc warlord.
The orc warlord is heavily wounded.
The orc priest casts a cantrip, but nothing happens.
The orc warlord hits you with a +2 bardiche!
* * * LOW HITPOINT WARNING * * *
You hit the orc warlord but do no damage.
The orc warlord is heavily wounded.
The orc warlord is no longer blind.
The cyclops is no longer blind.
The orc warlord hits you with a +2 bardiche!!
You die...

... ...# .... .....
......# ..$....###
........#########
####.......oCoh.#
#...#.######### #..#o..#
#.#.#.### ### #
#...T##.#### ##.####.##
#...o#.....###........#
#...o.#$...§#§.§)......
###.....###§.......o§.T.$
..........o..∩...§#......


You could see an orc warlord, a cyclops and an orc priest (strong).

Vanquished Creatures
  A minotaur (Gauntlet)
  Harold (D:9)
  4 catoblepae
  A boulder beetle (D:11)
  Erica (D:9)
  3 two-headed ogres
  A skyshark (Lair:1)
  2 manticores (D:11)
  3 cyclopes
  8 elephants
  A black mamba (Lair:1)
  4 slime creatures (D:11)
  2 molten gargoyles
  A merfolk siren (Lair:3)
  5 cane toads
  2 gargoyles (Gauntlet)
  Maggie (Lair:2)
  6 komodo dragons
  2 rime drakes
  11 trolls
  Prince Ribbit (D:6)
  A polar bear (Lair:3)
  A hornet (D:10)
  9 blink frogs
  8 dream sheep
  4 shadows (Gauntlet)
  A wraith (D:10)
  3 wyverns
  36 yaks
  2 basilisks
  2 steam dragons (Lair:1)
  A redback (Lair:2)
  Grum (D:8)
  A warg (D:11)
  13 water moccasins
  7 orc warriors
  3 black bears
  2 ogres
  25 wolves
  3 boggarts (D:11)
  15 centaurs
  A phantom (D:4)
  3 lemures (D:8)
  2 kobold brigands
  9 bullfrogs
  A gnoll sergeant (D:9)
  2 scorpions (D:5)
  9 wights
  52 killer bees
  6 howler monkeys
  8 electric eels
  A lava snake (Lair:2)
  4 jellies
  A hound (D:4)
  8 orc priests
  A sleepcap (D:4)
  7 iguanas
  Natasha (thrice) (D:2)
  17 orc wizards
  Robin (D:2)
  5 adders
  7 gnolls
  2 shadow imps
  3 white imps
  2 worms
  4 dart slugs
  55 orcs
  6 ball pythons
  5 bats
  7 endoplasms
  2 giant cockroaches
  11 goblins
  12 hobgoblins
  16 kobolds
  A quokka (D:1)
  2 frilled lizards
  5 rats
480 creatures vanquished.

Vanquished Creatures (collateral kills)
  An orc (D:7)
1 creature vanquished.

Vanquished Creatures (others)
  A gargoyle (D:12)
  4 slime creatures (D:12)
  A shadow (D:12)
  A centaur (D:12)
  A gnoll (D:7)
8 creatures vanquished.

Grand Total: 489 creatures vanquished

Notes
Turn   | Place    | Note
-------+----------+-------------------------------------------
     0 | D:1      | night the Merfolk Shapeshifter began the quest for the Orb.
     0 | D:1      | Reached XP level 1. HP: 16/16 MP: 1/1
   183 | D:1      | Reached XP level 2. HP: 23/23 MP: 2/2
   450 | D:1      | Reached skill level 3 in Unarmed Combat
   450 | D:1      | Reached XP level 3. HP: 10/28 MP: 1/3
   749 | D:2      | Noticed Robin
   761 | D:2      | Killed Robin
   767 | D:2      | HP: 3/28 [goblin/+0 dagger[Robin] (3)]
   963 | D:2      | Reached XP level 4. HP: 34/34 MP: 4/4
   993 | D:2      | Noticed Natasha
  1006 | D:2      | Killed Natasha
  1008 | D:2      | Noticed Natasha
  1015 | D:2      | Killed Natasha
  1016 | D:2      | Reached skill level 1 in Armour
  1016 | D:2      | Reached XP level 5. HP: 41/41 MP: 5/5
  1018 | D:2      | Noticed Natasha
  1028 | D:2      | Killed Natasha
  1659 | D:3      | Reached skill level 4 in Unarmed Combat
  1946 | D:3      | Found an ancient bone altar of Kikubaaqudgha.
  1946 | D:3      | Found a broken altar of Ashenzari.
  1947 | D:3      | Found an opulent altar of Gozag.
  1957 | D:3      | Became a worshipper of Ashenzari the Shackled
  2327 | D:3      | You fall into a shaft and drop 2 floors!
  2327 | D:5      | Entered Level 5 of the Dungeon
  2327 | D:5      | Found Huugupp's Armour Shop.
  2371 | D:5      | Reached XP level 6. HP: 47/47 MP: 6/6
  2381 | D:5      | Noticed a water moccasin
  2398 | D:5      | Killed a water moccasin
  2406 | D:5      | Reached skill level 5 in Shapeshifting
  2505 | D:5      | Found a staircase to the Ecumenical Temple.
  2657 | D:4      | Reached skill level 5 in Unarmed Combat
  2711 | D:4      | Found a stormy altar of Qazlal.
  2879 | D:4      | Reached XP level 7. HP: 47/53 MP: 7/7
  3096 | D:4      | Reached skill level 2 in Armour
  3584 | D:5      | Found a runed translucent door.
  3588 | D:5      | Noticed Vorhees's ghost (novice TeAE)
  4050 | D:5      | Identified the +5 sling of Foul Odours {freeze, rC+ Int+5
                  | Dex-2}
  4108 | D:5      | Reached skill level 5 in Dodging
  4146 | D:5      | Found an ornate altar of the Wu Jian Council.
  4172 | D:5      | Reached skill level 6 in Unarmed Combat
  4300 | D:5      | Bought a +0 helmet of see invisible for 138 gold pieces
  4300 | D:5      | Bought a +0 scale mail for 48 gold pieces
  4368 | D:5      | Found Huydic's Distillery.
  4710 | D:6      | Reached XP level 8. HP: 58/61 MP: 6/8
  5030 | D:6      | Reached * piety under Ashenzari
  5030 | D:6      | Identified a scroll of acquirement
  5127 | D:6      | Reached skill level 5 in Fighting
  5647 | D:6      | Reached skill level 7 in Unarmed Combat
  5753 | D:6      | Noticed Prince Ribbit
  5777 | D:6      | Killed Prince Ribbit
  6083 | D:7      | HP: 8/62 [orc warrior/+0 halberd (7)]
  6172 | D:7      | Reached XP level 9. HP: 37/68 MP: 9/9
  6432 | D:7      | Identified the +7 whip "Gocsaul" {freeze, rF+}
  6852 | D:7      | Reached ** piety under Ashenzari
  6865 | D:7      | Reached skill level 8 in Unarmed Combat
  7547 | D:8      | Identified the +9 dagger "Ket Taif" {holy, rC+}
  7631 | D:8      | Noticed Pikel
  7727 | D:8      | Found a hide-covered altar of Uskayaw.
  7916 | D:8      | Acquired the +1 buckler "Asimp" {Fly rPois Int-2 SInv}
  8179 | D:8      | Reached skill level 9 in Unarmed Combat
  8274 | D:8      | Found a shimmering blue altar of Sif Muna.
  8410 | D:8      | Noticed Grum
  8421 | D:8      | Reached XP level 10. HP: 64/77 MP: 8/10
  8424 | D:8      | Killed Grum
  8664 | D:9      | Noticed Harold
  8711 | D:9      | Killed Harold
  8730 | D:10     | Entered Level 10 of the Dungeon
  9116 | D:9      | Upgraded the game from 0.31-a0-331-geda263fcf1 to
                  | 0.31-a0-344-gd109795599
  9167 | D:9      | Found a shadowy altar of Dithmenos.
  9169 | D:9      | Found a runed translucent door.
  9302 | D:9      | Reached skill level 1 in Shields
  9397 | D:9      | Reached skill level 10 in Unarmed Combat
  9557 | D:9      | Identified the cursed +0 cloak "Cursed Incredulity" {Fort,
                  | Elem} (You found it on level 6 of the Dungeon)
  9631 | D:8      | Reached *** piety under Ashenzari
  9933 | D:9      | Noticed a two-headed ogre
  9942 | D:9      | Killed a two-headed ogre
 10128 | D:9      | Noticed Erica
 10138 | D:9      | Killed Erica
 10139 | D:9      | Reached skill level 2 in Shields
 10398 | D:9      | Noticed t4s4d4r's ghost (novice TrFi)
 10423 | D:10     | Identified the +5 ring mail of the Mertaur {Str+3}
 10565 | D:10     | Reached XP level 11. HP: 83/85 MP: 11/11
 10656 | D:10     | Reached skill level 5 in Armour
 11027 | D:10     | Reached skill level 11 in Unarmed Combat
 11096 | D:10     | HP: 12/86 [troll (3)]
 12368 | D:11     | Found a gate leading to a gauntlet.
 12368 | D:11     | Noticed a manticore
 12377 | D:11     | Killed a manticore
 12391 | Gauntlet | Entered a Gauntlet
 12391 | Gauntlet | Noticed a red ugly thing
 12391 | Gauntlet | Identified the +1 helmet of Pride {Str+4 Dex+2}
 12391 | Gauntlet | Found a transporter.
 12401 | Gauntlet | Found a transporter.
 12422 | Gauntlet | Found a transporter.
 12432 | Gauntlet | Noticed a catoblepas
 12437 | Gauntlet | Found the +1 cloak of Starlight {*Dazzle EV+4 Stlth--}
 12444 | Gauntlet | Found a transporter.
 12454 | Gauntlet | Noticed a red ugly thing
 12454 | Gauntlet | Noticed a glowing orange brain
 12455 | Gauntlet | Noticed a glowing orange brain
 12457 | Gauntlet | Found a transporter.
 12468 | Gauntlet | Identified the amulet of Rierap {Spirit rC+}
 12471 | Gauntlet | Found a transporter.
 12491 | Gauntlet | Identified the cursed +0 pair of boots of Ashenzari's Sun
                  | {Dev, Melee} (You found it on level 8 of the Dungeon)
 12492 | Gauntlet | Reached **** piety under Ashenzari
 12510 | Gauntlet | Identified the +1 pair of gloves of the Big Bang {*Slow
                  | rElec Int+3 Slay+2}
 12512 | Gauntlet | Noticed a great orb of eyes
 12514 | Gauntlet | Found a transporter.
 12514 | Gauntlet | Found a transporter.
 12519 | Gauntlet | Found a transporter.
 12553 | Gauntlet | Found a transporter.
 12578 | Gauntlet | Found a transporter.
 12579 | Gauntlet | Found a transporter.
 12613 | Gauntlet | Reached skill level 1 in Ranged Weapons
 12638 | Gauntlet | Killed a catoblepas
 12639 | Gauntlet | Reached skill level 12 in Unarmed Combat
 12639 | Gauntlet | Reached XP level 12. HP: 77/99 MP: 9/12
 12812 | Gauntlet | Noticed a minotaur
 12815 | Gauntlet | Killed a minotaur
 12816 | Gauntlet | Reached skill level 2 in Ranged Weapons
 12847 | D:11     | Noticed Sonja
 12849 | D:11     | Sonja changed into Sonja the blink frog
 12849 | D:11     | Noticed Sonja
 12852 | D:11     | Killed Sonja the blink frog
 12943 | D:11     | Noticed a two-headed ogre
 13229 | D:11     | Reached skill level 13 in Unarmed Combat
 13232 | D:11     | Reached skill level 10 in Shapeshifting
 13556 | D:11     | Found a staircase to the Lair.
 13716 | D:11     | Noticed a two-headed ogre
 13725 | D:11     | Killed a two-headed ogre
 13957 | D:11     | Found a staircase to the Orcish Mines.
 14107 | Lair:1   | Entered Level 1 of the Lair of Beasts
 14298 | Lair:1   | Reached skill level 10 in Fighting
 14508 | Lair:1   | Reached XP level 13. HP: 107/107 MP: 13/13
 14509 | Lair:1   | Identified the ring of Oleryst {Will+ Dex+3}
 14898 | Lair:1   | Reached skill level 14 in Unarmed Combat
 15967 | Lair:2   | Reached skill level 5 in Ranged Weapons
 15973 | Lair:2   | Noticed Maggie
 16111 | Lair:2   | Killed Maggie
 16439 | Lair:2   | Reached skill level 15 in Unarmed Combat
 16687 | Lair:2   | Found a hole to the Spider Nest.
 17253 | Lair:3   | Found a staircase to the Shoals.
 17848 | Lair:4   | Reached XP level 14. HP: 118/118 MP: 14/14
 17860 | Lair:4   | Found a viscous altar of Jiyva.
 17860 | Lair:4   | Found a staircase to the Slime Pits.
 17877 | Lair:4   | Identified the ring "Reyr" {+Blink rPois rF+ SInv}
 18396 | Lair:4   | Fell from the grace of Ashenzari
 18396 | Lair:4   | Became a worshipper of Jiyva Junlicra the Shapeless
 19083 | D:12     | HP: 10/114 [centaur/arrow (8)]
 19368 | Orc:1    | Entered Level 1 of the Orcish Mines
 19368 | Orc:1    | Found Cacvut's General Store.
 19369 | Orc:1    | Noticed an orc warlord
 19581 | D:11     | Reached skill level 12 in Shapeshifting
 19851 | Orc:1    | Reached skill level 16 in Unarmed Combat
 19858 | Orc:1    | HP: 15/114 [orc warlord/+2 bardiche (14)]
 19859 | Orc:1    | Slain by an orc warlord

Illustrated notes

Levels and vault maps discovered:
D:1:      dpeg_arrival_tiny_d, layout_rooms
D:2:      layout_loops_ring, serial_rivers, chequers_serial_rivers_micro_b,
          chequers_serial_rivers_room_a, chequers_serial_rivers_large_a,
          chequers_serial_rivers_small_b, chequers_serial_rivers_small_3,
          chequers_serial_rivers_small_a, uniq_robin, uniq_natasha
D:3:      layout_loops_cross, gammafunk_temple_overflow_claw
D:4:      layout_basic, mainiacjoe_overflow_six_doors_small
D:5:      layout_basic, mainiacjoe_overflow_cross_hatched, temple_doors_e,
          serial_shops, nicolae_take_the_stairs, shop,
          hellmonk_ghost_happy_afterlife
D:6:      layout_basic, minivault_24, minivault_27, uniq_prince_ribbit1
D:7:      layout_loops_ring, minmay_misc_feat_square, grunt_ministairs_12
D:8:      layout_cave_pods, mainiacjoe_overflow_small_starburst,
          lemuel_crystal_altar, uniq_grum, uniq_pikel
D:9:      layout_stronghold, grunt_dithmenos_smoke_and_mirrors,
          ebering_ghost_reflecting_pool, uniq_erica, uniq_harold
D:10:     wad_woods_minihive, layout_basic, dk_vineyard_3
D:11:     layout_roguey, david_lair_generic, orc_0_dummy,
          gauntlet_entry_generic, grunt_decor_cap, uniq_sonja
D:12:     layout_cave_pools
Lair:1:   layout_regular_city, columned_hall_lemuel,
          hangedman_lair_generics_rect
Lair:2:   layout_gridlike, spider_nest_entry_webs, serial_bayou_pond_e,
          lemuel_fruit_tree, uniq_maggie
Lair:3:   layout_regular_city, minmay_shoals_entry_lonely_mermaid, minivault_11,
          serial_bayou_shore_a
Lair:4:   layout_loops_ring, nicolae_slime_entry_slimehenge,
          grunt_forest_large_clearings
Orc:1:    layout_caves, gammafunk_ghost_smash, serial_shops, shop,
          nicolae_orc_rockfall, lightli_orcish_oven

Skill      XL: |  1  2  3  4  5  6  7  8  9 10 11 12 13 14 |
---------------+-------------------------------------------+-----
Dodging        | 3 4 5 6 7 8 9 |  9.7
Unarmed Combat | 3 4 5 6 7 9 10 12 13 15 16 | 16.0
Fighting       | 3 4 5 6 7 8 10 11 | 11.7
Armour         | 1 2 3 4 5 |  5.4
Shapeshifting  | 5 6 7 8 9 10 11 12 | 12.0
Shields        | 2 3 |  3.8
Ranged Weapons | 1 4 5 6 |  6.1

Action                     |  1- 3 |  4- 6 |  7- 9 | 10-12 | 13-15 || total
---------------------------+-------+-------+-------+-------+-------++-------
  Melee: Unarmed           |   105 |   163 |   299 |   474 |   377 ||  1418
         Punch             |     1 |     7 |    13 |       |     8 ||    29
   Fire: Sling             |       |       |     9 |    97 |    79 ||   185
 Invoke: Curse Item        |       |       |     3 |     4 |       ||     7
         Shatter the Chain |       |       |       |       |     1 ||     1
Ability: Begin Untransform |       |       |     1 |     4 |     2 ||     7
  Evoke: Wand              |       |       |     8 |     5 |     3 ||    16
         Piece from Xom's  |       |       |       |     2 |       ||     2
    Use: Potion            |       |     3 |     1 |     1 |       ||     5
         Scroll            |       |       |     1 |     4 |     1 ||     6
   Stab: Distracted        |       |       |       |     1 |       ||     1
         Invisible         |       |       |       |       |     1 ||     1
 Armour: Animal skin       |     3 |       |       |       |       ||     3
         Ring mail         |    29 |    31 |       |    82 |    36 ||   178
         Skin              |       |    20 |       |       |       ||    20
         Plate armour      |       |     4 |    46 |       |    28 ||    78
         Scale mail        |       |       |    41 |    21 |       ||    62
  Dodge: Dodged            |    62 |    70 |   169 |   510 |   337 ||  1148
  Block: Buckler           |       |       |     8 |   185 |    80 ||   273
   Form: Beast             |       |       |     2 |     4 |     2 ||     8
                           |       |       |     1 |       |       ||     1

Table legend: (Time is in decaauts)
 A = Elapsed time spent in this place.
 B = Non-inter-level travel time spent in this place.
 C = Inter-level travel time spent in this place.
 D = Time resting spent in this place.
 E = Time spent auto-exploring this place.
 F = Levels seen in this place.
 G = Mean time per level.
                   A        B        C        D        E       F      G
               +--------+--------+--------+--------+--------+-----+--------+
         Total |  19594 |  18863 |    731 |   3053 |  12302 |  18 | 1088.6 |
       Dungeon |  14611 |  14059 |    552 |   2463 |   9061 |  12 | 1217.6 |
          Lair |   4490 |   4312 |    178 |    475 |   3079 |   4 | 1122.5 |
  Orcish Mines |     68 |     68 |      0 |      0 |      0 |   1 |   68.0 |
      Gauntlet |    425 |    425 |      0 |    115 |    161 |   1 |  425.0 |
               +--------+--------+--------+--------+--------+-----+--------+

Top non-repeatable levels by time:
    D:11: 2166 daAuts
     D:9: 1976 daAuts
    D:10: 1722 daAuts
  Lair:1: 1501 daAuts
     D:5: 1370 daAuts
     D:6: 1354 daAuts
     D:7: 1351 daAuts
     D:8: 1262 daAuts
  Lair:2: 1198 daAuts
     D:4: 985 daAuts
  Lair:4: 969 daAuts
     D:2: 917 daAuts
  Lair:3: 820 daAuts
     D:1: 691 daAuts
     D:3: 688 daAuts
